 Dungeon Crawl Stone Soup version 0.32-a0-422-g28b100f618 (webtiles) character file.

Game seed: 3632213160350949633

287 Newt the Skirmisher (level 6, -7/39 HPs)
             Began as a Kobold Hunter on Feb 21, 2024.
             Mangled by a black bear (11 damage)
             ... on level 4 of the Dungeon.
             The game lasted 00:02:24 (3236 turns).

Newt the Skirmisher (Kobold Hunter)                 Turns: 3236, Time: 00:02:25

Health: -7/39      AC:  6    Str:  9    XL:     6   Next: 56%
Magic:  6/6        EV: 14    Int: 16    God:
Gold:   176        SH:  0    Dex: 20    Spells: 2/5 levels left

rFire   . . .        a - +0 shortbow
rCold   . . .        (shield currently unavailable)
rNeg    . . .        k - +3 leather armour
rPois   +            (no helmet)
rElec   .            (no cloak)
rCorr   .            (no gloves)
SInv    .            (no boots)
Will    .....        (no amulet)
Stlth   +++          u - +6 ring of intelligence
HPRegen 0.26/turn    v - ring of poison resistance
MPRegen 0.10/turn

%: no passive effects
@: no status effects
A: small, no large weapons, nightstalker 3
a: no special abilities


You were on level 4 of the Dungeon.
You visited 1 branch of the dungeon, and saw 4 of its levels.

You collected 176 gold pieces.

Inventory:

Hand Weapons
 a - a +0 shortbow (weapon)
Missiles
 d - a throwing net
Armour
 c - a +0 leather armour
 k - a +3 leather armour (worn)
Jewellery
 j - a ring of wizardry
 l - a ring of ice
 o - an amulet of faith
 u - a +6 ring of intelligence (left hand)
 v - a ring of poison resistance (right hand)
Scrolls
 b - a scroll of butterflies
 e - a scroll of enchant armour {unknown}
 g - a scroll of teleportation
 p - a scroll of noise {unknown}
 t - a scroll of identify {unknown}
 x - a scroll of fog {unknown}
Potions
 f - a potion of haste {unknown}
 h - 2 potions of ambrosia {unknown}
 i - 2 potions of might {unknown}
 m - 2 potions of berserk rage {unknown}
 n - 2 potions of curing {unknown}
 q - a potion of mutation {unknown}
 r - a potion of heal wounds {unknown}
 s - a potion of resistance {unknown}
 w - a potion of attraction {unknown}


   Skills:
 + Level 4.4 Fighting
 * Level 8.5 Ranged Weapons
 - Level 2.4 Dodging
 - Level 1.3 Stealth


You had 2 spell levels left.
You knew the following spells:

 Your Spells              Type           Power      Damage    Failure   Level
a - Sigil of Binding      Hex            0%         N/A       71%         3

Your spell library contained the following spells:

 Spells                   Type           Power      Damage    Failure   Level
 Kiss of Death            Conj/Necr      0%         2d5       34%         1
 Slow                     Hex            0%         N/A       34%         1
 Confusing Touch          Hex            0%         N/A       71%         3
 Vampiric Draining        Necr           0%         2d6       71%         3
 Volatile Blastmotes      Fire/Tloc      0%         2d10      71%         3
 Dispel Undead            Necr           0%         3d6       98%         4
 Fulminant Prism          Conj/Alch      0%         3d5       98%         4
 Iskenderun's Mystic Bla  Conj/Tloc      0%         2d3       98%         4
 Haunt                    Necr/Summ      0%         N/A       100%        7
 Borgnjor's Revivificati  Necr           0%         N/A       100%        8
 Death's Door             Necr           0%         N/A       100%        9


Dungeon Overview and Level Annotations

Branches:
Dungeon (4/15)
 Temple: D:4-7

Altars:
Xom


Innate Abilities, Weirdness & Mutations

You are small and have problems with some larger weapons.
You are completely attuned to the shadows.


Message History

The black bear goes berserk!
You shoot an arrow.
The arrow completely misses the black bear.
The black bear barely misses you. The black bear closely misses you. x2
You shoot an arrow.
The arrow hits the black bear but does no damage.
The black bear is severely wounded.
The black bear bites you! The black bear claws you.
The black bear barely misses you. The black bear bites you.
The black bear claws you. The black bear closely misses you.
You are too injured to fight recklessly!
You are too injured to fight recklessly!
Unknown command.
You shoot an arrow. The arrow hits the black bear.
The black bear is almost dead.
The black bear bites you.
The black bear claws you but does no damage.
The black bear claws you.
Unknown command.
You shoot an arrow.
The arrow closely misses the black bear.
The black bear closely misses you. x2; The black bear claws you.
* * * LOW HITPOINT WARNING * * *
The black bear bites you.
* * * LOW HITPOINT WARNING * * *
The black bear closely misses you. x2
Unknown command.
You shoot an arrow. The arrow barely misses the black bear.
The black bear barely misses you. x2; The black bear claws you.
* * * LOW HITPOINT WARNING * * *
The black bear barely misses you.
The black bear claws you but does no damage.
The black bear barely misses you.
Unknown command.
Unknown command.
You shoot an arrow.
The arrow hits the black bear but does no damage.
The black bear is almost dead.
The black bear bites you!
You die...

...## ..## .## .##
..## ..## ...### #..#
#....## ..##
##....### #h.##.
###....## #@....
##....#######.....
#######....#.........
.....###..........###
.......###....#..##
.......# ##.....##
.......# ###..##
>......# ##.#####
......## ###.....#


You could see a black bear (berserk).

Vanquished Creatures
  An ice beast (D:4)
  A bombardier beetle (D:4)
  3 adders
  2 dart slugs (D:1)
  A ribbon worm (D:4)
  An orc (D:2)
  3 ball pythons
  7 endoplasms
  5 giant cockroaches
  10 goblins
  8 hobgoblins
  3 jackals (D:1)
  7 kobolds
  2 quokkas
  8 bats
  3 frilled lizards (D:1)
  7 rats
72 creatures vanquished.

Notes
Turn   | Place    | Note
-------+----------+-------------------------------------------
     0 | D:1      | Newt the Kobold Hunter began the quest for the Orb.
     0 | D:1      | Reached XP level 1. HP: 12/12 MP: 1/1
    58 | D:1      | Reached XP level 2. HP: 17/18 MP: 2/2
   181 | D:1      | Reached skill level 6 in Ranged Weapons
   276 | D:1      | Reached XP level 3. HP: 22/22 MP: 3/3
   293 | D:1      | Found a faded altar of an unknown god.
   503 | D:1      | Reached XP level 4. HP: 28/28 MP: 4/4
   996 | D:2      | Found a shimmering altar of Xom.
  1109 | D:2      | Reached skill level 7 in Ranged Weapons
  1331 | D:2      | Reached XP level 5. HP: 32/32 MP: 5/5
  2382 | D:4      | Noticed an ice beast
  2396 | D:4      | Killed an ice beast
  2397 | D:4      | Reached skill level 8 in Ranged Weapons
  2397 | D:4      | Reached XP level 6. HP: 16/38 MP: 6/6
  2712 | D:4      | Learned a level 3 spell: Sigil of Binding
  3222 | D:4      | Noticed a black bear
  3236 | D:4      | Mangled by a black bear

Illustrated notes

Levels and vault maps discovered:
D:1:      lightli_arrival_statue_moat, layout_loops_ring,
          basic_ecumenical_altar, reono_crystal_passage, minmay_strange_pillars
D:2:      layout_basic, basic_altar
D:3:      layout_basic
D:4:      layout_cave_pods

Skill      XL: |  1  2  3  4  5 |
---------------+----------------+-----
Ranged Weapons | 6 7 8 |  8.5
Fighting       | 3 4 |  4.4
Dodging        | |  2.4
Stealth        | |  1.3

Action                     |  1- 3 |  4- 6 || total
---------------------------+-------+-------++-------
   Fire: Shortbow          |    51 |   155 ||   206
    Use: Scroll            |       |     1 ||     1
 Armour: Leather armour    |     5 |    43 ||    48
  Dodge: Dodged            |     7 |    62 ||    69

Table legend: (Time is in decaauts)
 A = Elapsed time spent in this place.
 B = Non-inter-level travel time spent in this place.
 C = Inter-level travel time spent in this place.
 D = Time resting spent in this place.
 E = Time spent auto-exploring this place.
 F = Levels seen in this place.
 G = Mean time per level.
                   A        B        C        D        E       F      G
               +--------+--------+--------+--------+--------+-----+--------+
         Total |   3257 |   3194 |     63 |    412 |   2397 |   4 |  814.2 |
       Dungeon |   3257 |   3194 |     63 |    412 |   2397 |   4 |  814.2 |
               +--------+--------+--------+--------+--------+-----+--------+

Top non-repeatable levels by time:
     D:1: 873 daAuts
     D:4: 873 daAuts
     D:3: 814 daAuts
     D:2: 696 daAuts
